[Event "European Women Rapid-ch 2023"]
[Site "Monaco"]
[Date "2024.01.13"]
[Round "1.1"]
[White "Kosteniuk, Alexandra"]
[Black "Sala, Giulia"]
[Result "1-0"]
[ECO "B08"]
[WhiteElo "2501"]
[BlackElo "2035"]
[Annotator "RC"]
[PlyCount "91"]
[EventDate "2023.12.19"]
[EventType "swiss"]
[EventCountry "MNC"]
[SourceTitle "playchess.com"]
[Source "ChessBase"]
[SourceQuality "1"]
[TimeControl "900+10"]

1. e4 c5 2. d4 cxd4 3. Qxd4 Nc6 4. Qd3 g6 5. Nc3 Bg7 6. Nf3 d6 7. Be2 Nf6 8. O-O O-O 9. Nd5 b6 10. c3 Bb7 11. Bg5 Nd7 12. Qe3 Re8 13. Rad1 Rc8 14. Bh6 Nce5 15. Bxg7 Nxf3+ 16. Bxf3 Kxg7 17. Be2 Bxd5 18. exd5 Qc7 19. Rd4 Nf6 20. Ba6 Rcd8 21. Bb5 Rf8 22. Re1 Qc5 23. Qd3 Qc7 24. Rc4 Qb7 25. Bc6 Qa6 26. a4 Nd7 27. Bb5 Qb7 28. Rxe7 Rfe8 29. Rce4 Rxe7 30. Rxe7 Kf8 31. Re1 Ne5 32. Qd4 a6 33. Bc6 Qe7 34. Re3 Kg8 35. Qxb6 Qf6 36. Qd4 Qf5 37. Qe4 Qc8 38. h3 Nxc6 39. dxc6 d5 40. Qe7 Kg7 41. Qe5+ Kg8 42. c7 Rf8 43. Qe7 Qb7 44. Qd7 Qa8 45. Re7 Qb7 46. Rxf7 1-0

[Event "European Women Rapid-ch 2023"]
[Site "Monaco"]
[Date "2024.01.13"]
[Round "1.2"]
[White "Hnatyshyn, Anastasiia"]
[Black "Cramling, Pia"]
[Result "1/2-1/2"]
[ECO "B42"]
[WhiteElo "2152"]
[BlackElo "2437"]
[Annotator "RC"]
[PlyCount "159"]
[EventDate "2023.12.19"]
[EventType "swiss"]
[EventCountry "MNC"]
[SourceTitle "playchess.com"]
[Source "ChessBase"]
[SourceQuality "1"]
[TimeControl "900+10"]

1. e4 c5 2. Nf3 e6 3. d4 cxd4 4. Nxd4 a6 5. Bd3 Bc5 6. Nb3 Be7 7. Be3 d6 8. O-O Nf6 9. f4 Nc6 10. N1d2 O-O 11. Qf3 Qc7 12. c3 b6 13. Rae1 Bb7 14. Nd4 Rfe8 15. Qg3 Bf8 16. Nxc6 Bxc6 17. e5 Nd7 18. Bd4 g6 19. h4 b5 20. h5 Bg7 21. hxg6 hxg6 22. Be4 d5 23. Bd3 a5 24. Nf3 Nf8 25. Ng5 Bd7 26. Qh4 Rec8 27. Re3 Qd8 28. Rh3 Rc4 29. Bxc4 dxc4 30. f5 gxf5 31. Qh5 Be8 32. Qh4 Rc8 33. Qf4 Qd5 34. Nf3 Ng6 35. Qg5 Qe4 36. Nd2 Qc2 37. Rf2 Qxb2 38. Kh2 Qc1 39. Qh5 Kf8 40. Qe2 Qa3 41. Qe3 Qe7 42. Nf3 Kg8 43. Ng1 f4 44. Qe2 Bc6 45. Qh5 Kf8 46. Nf3 Bxf3 47. Rfxf3 b4 48. g3 b3 49. axb3 cxb3 50. Rf1 a4 51. gxf4 b2 52. f5 Qb7 53. fxg6 b1=Q 54. Rxf7+ Qxf7 55. gxf7 Qc2+ 56. Kg3 Qd3+ 57. Qf3 Qxf3+ 58. Kxf3 Kxf7 59. Rh2 a3 60. Ke4 Ra8 61. Ra2 Bf8 62. c4 Ke8 63. Kd3 Kd7 64. Kc3 Kc6 65. Kc2 Be7 66. Kd3 Rh8 67. Kc2 Rh2+ 68. Kb3 Rh3+ 69. Kc2 Bc5 70. Bc3 Re3 71. Kd2 Rg3 72. Kc2 Rh3 73. Ra1 Rh4 74. Kb3 Rh3 75. Kc2 Rh4 76. Kb3 Rh3 77. Kc2 Rh2+ 78. Kb3 Rh3 79. Kc2 Rh2+ 80. Kb3 1/2-1/2

[Event "European Women Rapid-ch 2023"]
[Site "Monaco"]
[Date "2024.01.13"]
[Round "1.3"]
[White "Khotenashvili, Bella"]
[Black "Rodriguez Redondo, Adhara"]
[Result "1-0"]
[ECO "C00"]
[WhiteElo "2467"]
[BlackElo "2130"]
[Annotator "RC"]
[PlyCount "84"]
[EventDate "2023.12.19"]
[EventType "swiss"]
[EventCountry "MNC"]
[SourceTitle "playchess.com"]
[Source "ChessBase"]
[SourceQuality "1"]
[TimeControl "900+10"]

1. Nf3 d5 2. g3 Nf6 3. Bg2 e6 4. O-O Be7 5. d3 O-O 6. Nbd2 c5 7. e4 Nc6 8. Re1 b5 9. e5 Nd7 10. Nf1 Qc7 11. Bf4 Bb7 12. h4 Rfc8 13. Ne3 Qd8 14. c4 bxc4 15. dxc4 d4 16. Nc2 a5 17. Qd3 Kh8 18. Na3 Nb4 19. Qd2 Bc6 20. Ng5 Qg8 21. Bxc6 Rxc6 22. Nb5 Nb6 23. Rec1 Rd8 24. a3 Na6 25. Qxa5 Ra8 26. Qd2 Rd8 27. Ne4 Nc8 28. Bg5 h6 29. Bxe7 Nxe7 30. Ned6 Nc8 31. b4 Nxd6 32. Nxd6 Rcxd6 33. exd6 Rxd6 34. b5 Nb8 35. a4 Nd7 36. Qf4 e5 37. Qe4 d3 38. a5 Rd4 39. Qb7 e4 40. a6 Ne5 41. a7 Nf3+ 42. Kg2 d2 1-0

[Event "European Women Rapid-ch 2023"]
[Site "Monaco"]
[Date "2024.01.13"]
[Round "1.4"]
[White "Rogozenco, Teodora"]
[Black "Salimova, Nurgyul"]
[Result "0-1"]
[ECO "D02"]
[WhiteElo "1975"]
[BlackElo "2426"]
[Annotator "RC"]
[PlyCount "36"]
[EventDate "2023.12.19"]
[EventType "swiss"]
[EventCountry "MNC"]
[SourceTitle "playchess.com"]
[Source "ChessBase"]
[SourceQuality "1"]
[TimeControl "900+10"]

1. d4 Nf6 2. Nf3 d5 3. Bf4 c5 4. dxc5 Nc6 5. c3 g6 6. b4 Bg7 7. e3 O-O 8. Nbd2 Nh5 9. Rc1 Nxf4 10. exf4 Qc7 11. g3 a5 12. Qb3 d4 13. b5 dxc3 14. Rxc3 Bxc3 15. Qxc3 Nb4 16. Bc4 Qxc5 17. Bxf7+ Rxf7 18. Qxc5 Nd3+ 0-1

[Event "European Women Rapid-ch 2023"]
[Site "Monaco"]
[Date "2024.01.13"]
[Round "1.5"]
[White "Paehtz, Elisabeth"]
[Black "Froewis, Annika"]
[Result "1/2-1/2"]
[ECO "A13"]
[WhiteElo "2461"]
[BlackElo "2133"]
[Annotator "RC"]
[PlyCount "98"]
[EventDate "2023.12.19"]
[EventType "swiss"]
[EventCountry "MNC"]
[SourceTitle "playchess.com"]
[Source "ChessBase"]
[SourceQuality "1"]
[TimeControl "900+10"]

1. Nf3 d5 2. g3 Nf6 3. Bg2 e6 4. c4 c5 5. O-O b6 6. cxd5 Nxd5 7. Qa4+ Qd7 8. Qxd7+ Nxd7 9. d4 Bb7 10. a3 N5f6 11. Nc3 cxd4 12. Nb5 Bxf3 13. Bxf3 Rc8 14. Nxa7 Rc2 15. e3 dxe3 16. Bxe3 Bc5 17. Bxc5 Nxc5 18. b4 Nb3 19. Rad1 Nd2 20. Bc6+ Ke7 21. Rfe1 Rd8 22. Kg2 Nc4 23. Ba4 Rxd1 24. Rxd1 Ne3+ 25. Kf3 Nxd1 26. Bxc2 Nc3 27. Nc8+ Kd8 28. Nd6 Ke7 29. Nc4 Nfd5 30. h4 h5 31. Ne5 Nb5 32. Bd3 Nxa3 33. Nc6+ Kd6 34. b5 Nc3 35. Nd8 Ke7 36. Nc6+ Kd6 37. Nd8 f5 38. Kf4 Naxb5 39. Kg5 Nd4 40. Nf7+ Ke7 41. Ne5 b5 42. Kxh5 Kf6 43. Nd7+ Ke7 44. Ne5 Kf6 45. Nd7+ Ke7 46. Ne5 Kf6 47. Nd7+ Kf7 48. Ne5+ Kf6 49. Nd7+ Kf7 1/2-1/2

[Event "European Women Rapid-ch 2023"]
[Site "Monaco"]
[Date "2024.01.13"]
[Round "1.6"]
[White "Uta, Adeline-Ramona"]
[Black "Stefanova, Antoaneta"]
[Result "0-1"]
[ECO "C50"]
[WhiteElo "2036"]
[BlackElo "2431"]
[Annotator "RC"]
[PlyCount "76"]
[EventDate "2023.12.19"]
[EventType "swiss"]
[EventCountry "MNC"]
[SourceTitle "playchess.com"]
[Source "ChessBase"]
[SourceQuality "1"]
[TimeControl "900+10"]

1. e4 e5 2. Nf3 Nc6 3. Bc4 Bc5 4. O-O Nf6 5. d3 O-O 6. Bg5 h6 7. Bh4 Be7 8. Bg3 d6 9. c3 Na5 10. Bb5 c5 11. Nbd2 Qb6 12. a4 Be6 13. b4 cxb4 14. cxb4 Nc6 15. Rb1 Rfe8 16. Bc4 Bf8 17. Bxe6 Rxe6 18. Nc4 Qd8 19. b5 Na5 20. Ne3 b6 21. Bh4 Qd7 22. Bxf6 Rxf6 23. Nd5 Re6 24. Rc1 Rc8 25. Rxc8 Qxc8 26. Qc1 Re8 27. Nh4 Nb3 28. Qd1 Nd4 29. Nf3 Ne6 30. Nb4 Qc5 31. Nc6 a6 32. Qb3 Ra8 33. Rb1 axb5 34. axb5 Ra3 35. Qd1 Ra2 36. Qf1 Nf4 37. Kh1 Rxf2 38. Qd1 Rxg2 0-1

[Event "European Women Rapid-ch 2023"]
[Site "Monaco"]
[Date "2024.01.13"]
[Round "1.7"]
[White "Hunt, Harriet V"]
[Black "Zapata Campos, Lidia Karen"]
[Result "1-0"]
[ECO "C77"]
[WhiteElo "2306"]
[BlackElo "2025"]
[Annotator "RC"]
[PlyCount "61"]
[EventDate "2023.12.19"]
[EventType "swiss"]
[EventCountry "MNC"]
[SourceTitle "playchess.com"]
[Source "ChessBase"]
[SourceQuality "1"]
[TimeControl "900+10"]

1. e4 e5 2. Nf3 Nc6 3. Bb5 a6 4. Ba4 Nf6 5. d3 b5 6. Bb3 Be7 7. a4 b4 8. a5 O-O 9. O-O d6 10. h3 Rb8 11. Nbd2 Nd7 12. Re1 Nc5 13. Bd5 Na7 14. Nf1 c6 15. Bc4 d5 16. exd5 cxd5 17. Ba2 Qxa5 18. Nxe5 b3 19. Bd2 Qb5 20. c4 dxc4 21. dxc4 Qb6 22. Bb1 Bf6 23. Bc3 Be6 24. Ne3 Rbd8 25. Qh5 g6 26. Qf3 Bg7 27. Nd5 Bxd5 28. cxd5 Qd6 29. Ng4 f5 30. Bxg7 Kxg7 31. Qc3+ 1-0

[Event "European Women Rapid-ch 2023"]
[Site "Monaco"]
[Date "2024.01.13"]
[Round "1.8"]
[White "Iasman, Inna"]
[Black "Khademalsharieh, Sarasadat"]
[Result "0-1"]
[ECO "D30"]
[WhiteElo "1889"]
[BlackElo "2486"]
[Annotator "RC"]
[PlyCount "40"]
[EventDate "2023.12.19"]
[EventType "swiss"]
[EventCountry "MNC"]
[SourceTitle "playchess.com"]
[Source "ChessBase"]
[SourceQuality "1"]
[TimeControl "900+10"]

1. d4 d5 2. c4 e6 3. Nf3 a6 4. Qc2 Nf6 5. Bg5 dxc4 6. Qxc4 b5 7. Qc2 Bb7 8. e3 Be7 9. Bd3 Nbd7 10. Nbd2 Rc8 11. Qd1 c5 12. O-O O-O 13. Rc1 h6 14. Bh4 cxd4 15. Rxc8 Qxc8 16. Nxd4 Qa8 17. N2f3 Rd8 18. Be2 Nb6 19. Qb3 Bd5 20. Qb4 Bxb4 0-1

[Event "European Women Rapid-ch 2023"]
[Site "Monaco"]
[Date "2024.01.13"]
[Round "1.9"]
[White "Ushenina, Anna"]
[Black "Piddubna, Bozhena"]
[Result "1-0"]
[ECO "D03"]
[WhiteElo "2415"]
[BlackElo "2035"]
[Annotator "TA"]
[PlyCount "75"]
[EventDate "2023.12.19"]
[EventType "swiss"]
[EventCountry "MNC"]
[SourceTitle "playchess.com"]
[Source "ChessBase"]
[SourceQuality "1"]
[TimeControl "900+10"]

1. d4 Nf6 2. Nf3 e6 3. Bg5 d5 4. e3 Nbd7 5. Nbd2 Be7 6. Bd3 h6 7. Bh4 O-O 8. c3 b6 9. Qe2 Bb7 10. O-O {[%emt 0:00:06] The position is equal.} Ne4 11. Bxe7 Qxe7 12. Rac1 Rac8 13. Ba6 Bxa6 14. Qxa6 Ndf6 15. c4 c5 16. cxd5 Nxd2 17. Nxd2 Nxd5 18. a3 {[%emt 0:01:03] Repels Nb4} Rc7 19. dxc5 Rxc5 20. Nb3 Rxc1 21. Rxc1 Qg5 22. Qc4 Rd8 23. h3 Rd7 24. Qc8+ Rd8 25. Qc4 Rd7 26. Qe4 Rd8 27. Nd4 Nf6 28. Qc2 Nd5 {[%emt 0:00:25][%cal Od5e3] [#] Strongly threatening ...Nxe3!} 29. Nf3 Qf6 ({Reject} 29... Nxe3 $6 30. fxe3 Qxe3+ 31. Kh1 $16) 30. Rd1 g6 31. Rd4 Kg7 32. e4 Nf4 $2 {[%emt 0:00:18][%mdl 8192] This move loses the game for Black.} (32... Nc7 $1 $11 {and Black stays safe.}) 33. e5 $18 Qe7 (33... Nxh3+ {was necessary.} 34. Kh2 (34. gxh3 Qe7 $18) 34... Qe7) 34. Rxf4 g5 35. Rd4 Rxd4 36. Nxd4 Qd7 37. Qe4 Qa4 {[%emt 0:00:07] [#]} (37... Qc8 $18 38. Ne2 Qh8) 38. Nxe6+ $1 {[%emt 0:00:04] Weighted Error Value: White=0.06 (flawless) /Black=0.49.  Loses game:     	---       	Black=1      Mistake:       	---       	Black=2      OK:         	White=9     	Black=13     Best:        	White=2     	---} 1-0

[Event "European Women Rapid-ch 2023"]
[Site "Monaco"]
[Date "2024.01.13"]
[Round "1.10"]
[White "Galvan Cipriani, Viviana"]
[Black "Javakhishvili, Lela"]
[Result "0-1"]
[ECO "D35"]
[WhiteElo "2104"]
[BlackElo "2433"]
[Annotator "RC"]
[PlyCount "52"]
[EventDate "2023.12.19"]
[EventType "swiss"]
[EventCountry "MNC"]
[SourceTitle "playchess.com"]
[Source "ChessBase"]
[SourceQuality "1"]
[TimeControl "900+10"]

1. c4 e6 2. Nf3 d5 3. d4 Nf6 4. Nc3 Nbd7 5. Bf4 Bb4 6. cxd5 exd5 7. Qc2 Ne4 8. a3 Bxc3+ 9. bxc3 c5 10. e3 Qa5 11. Rc1 Ndf6 12. Qb2 O-O 13. Be2 b6 14. O-O Ba6 15. Rfe1 Rac8 16. h3 cxd4 17. cxd4 Rxc1 18. Qxc1 Rc8 19. Qb2 Nc3 20. Bxa6 Qxa6 21. Kh2 Nfe4 22. Rc1 h6 23. Ne1 Rc4 24. f3 Na4 25. Qe2 Nec3 26. e4 Nxe2 0-1

[Event "European Women Rapid-ch 2023"]
[Site "Monaco"]
[Date "2024.01.13"]
[Round "1.11"]
[White "Hoang, Thanh Trang"]
[Black "Follana Albelda, Lucia"]
[Result "1-0"]
[ECO "E14"]
[WhiteElo "2382"]
[BlackElo "1885"]
[Annotator "TA"]
[PlyCount "57"]
[EventDate "2023.12.19"]
[EventType "swiss"]
[EventCountry "MNC"]
[SourceTitle "playchess.com"]
[Source "ChessBase"]
[SourceQuality "1"]
[TimeControl "900+10"]

1. d4 Nf6 2. Nf3 b6 3. e3 Bb7 4. Bd3 e6 5. O-O Be7 6. c4 O-O 7. Nc3 d5 8. cxd5 exd5 9. b3 Nbd7 10. Bb2 c5 11. Rc1 Rc8 12. dxc5 Nxc5 13. Bf5 Ra8 14. Qc2 {[%emt 0:01:26] White is more active. White is slightly better.} Qb8 15. Rfd1 Rd8 (15... g6 $16 {was worth a try.}) 16. Nb5 $18 a6 $2 {[%emt 0:00:48] [#]} (16... Bc6) 17. Be5 Bd6 18. Nxd6 Rxd6 19. Bxd6 Qxd6 20. b4 Ne6 21. Bxe6 fxe6 22. Qc7 {[%emt 0:00:04] White is clearly winning.} Qxc7 23. Rxc7 Rb8 24. Re7 Bc8 25. Rc1 {[%emt 0:00:09] [#] And now Ne5 would win.} Kf8 26. Rcc7 Ne8 27. Rf7+ Kg8 28. Rce7 e5 29. Nxe5 {[%emt 0:00:10] Black did not feel at home in the position after the opening.   Weighted Error Value: White=0.05 (flawless) /Black=0.57.  Mistake:       	---       	Black=2      Inaccurate:     	---       	Black=3      OK:         	White=7     	Black=3      Best:        	White=2     	---} (29. Rxe8+ Kxf7 30. Rxe5 h6 31. Rxd5 Be6 $18) 1-0

[Event "European Women Rapid-ch 2023"]
[Site "Monaco"]
[Date "2024.01.13"]
[Round "1.12"]
[White "Bellaiche, Elise"]
[Black "Wagner, Dinara"]
[Result "0-1"]
[ECO "B50"]
[WhiteElo "2012"]
[BlackElo "2459"]
[Annotator "RC"]
[PlyCount "92"]
[EventDate "2023.12.19"]
[EventType "swiss"]
[EventCountry "MNC"]
[SourceTitle "playchess.com"]
[Source "ChessBase"]
[SourceQuality "1"]
[TimeControl "900+10"]

1. e4 c5 2. Nf3 d6 3. c3 Nf6 4. d3 g6 5. Be2 Bg7 6. O-O O-O 7. Nbd2 e5 8. Re1 Nc6 9. Nf1 d5 10. Ng3 Re8 11. Bg5 h6 12. Bd2 Be6 13. Qc2 Qd7 14. Rad1 Rad8 15. Bc1 b6 16. h3 Qc7 17. Bf1 d4 18. Bd2 dxc3 19. bxc3 c4 20. dxc4 Na5 21. Bc1 Nxc4 22. Rxd8 Rxd8 23. Rd1 Rc8 24. Be2 Kh7 25. Nf1 Nd6 26. Ng3 Nc4 27. Nf1 Qc6 28. Bxc4 Qxc4 29. Nxe5 Qxe4 30. Nd3 Nd5 31. Ng3 Qc4 32. Bb2 Nxc3 33. Rc1 Nxa2 34. Qxc4 Bxc4 35. Ra1 Bxd3 36. Bxg7 Kxg7 37. Rxa2 a5 38. Rd2 Rc3 39. Nf1 Bxf1 40. Kxf1 b5 41. Ke2 a4 42. Rb2 Rb3 43. Ra2 a3 44. Kd1 b4 45. Kc2 Rc3+ 46. Kd2 Kf6 0-1

[Event "European Women Rapid-ch 2023"]
[Site "Monaco"]
[Date "2024.01.13"]
[Round "1.13"]
[White "Batsiashvili, Nino"]
[Black "Nicoara, Malina"]
[Result "1-0"]
[ECO "A55"]
[WhiteElo "2451"]
[BlackElo "2054"]
[Annotator "RC"]
[PlyCount "107"]
[EventDate "2023.12.19"]
[EventType "swiss"]
[EventCountry "MNC"]
[SourceTitle "playchess.com"]
[Source "ChessBase"]
[SourceQuality "1"]
[TimeControl "900+10"]

1. d4 Nf6 2. c4 d6 3. Nc3 e5 4. Nf3 Nbd7 5. e4 c6 6. Be2 Be7 7. O-O O-O 8. Qc2 Qc7 9. Rd1 a6 10. a4 a5 11. b3 Re8 12. Bb2 Bf8 13. Ba3 exd4 14. Nxd4 Nc5 15. Bf3 g6 16. Re1 Bg4 17. h3 Bxf3 18. Nxf3 Nfd7 19. Rad1 Ne5 20. Nd4 Bh6 21. Bb2 Rad8 22. Nce2 Qe7 23. Bc3 Qc7 24. Ng3 Ne6 25. Nxe6 Rxe6 26. Ne2 Nd7 27. Nd4 Ree8 28. Nf3 Nc5 29. Nh2 Nd7 30. Ng4 Bg7 31. Qd2 Ne5 32. Bxa5 b6 33. Bc3 Nxg4 34. hxg4 Qc8 35. Bxg7 Kxg7 36. Qd4+ Kg8 37. Qxb6 Qxg4 38. Qxc6 Re6 39. c5 d5 40. Qc7 Rde8 41. f3 Qh4 42. Qh2 Qg5 43. Rxd5 Qxd5 44. exd5 Rxe1+ 45. Kf2 R1e2+ 46. Kg3 R8e5 47. Qh4 Rxd5 48. b4 Kg7 49. c6 h6 50. b5 Rdd2 51. Qh3 Re5 52. c7 Rg5+ 53. Kh2 Rc2 54. c8=Q 1-0

[Event "European Women Rapid-ch 2023"]
[Site "Monaco"]
[Date "2024.01.13"]
[Round "1.14"]
[White "Caku, Kler"]
[Black "Vega Gutierrez, Sabrina"]
[Result "0-1"]
[ECO "B33"]
[WhiteElo "1744"]
[BlackElo "2378"]
[Annotator "ChessBase"]
[PlyCount "120"]
[EventDate "2023.12.19"]
[EventType "swiss"]
[EventCountry "MNC"]
[SourceTitle "playchess.com"]
[Source "ChessBase"]
[SourceQuality "1"]
[TimeControl "900+10"]

1. e4 c5 2. Nf3 Nc6 3. d4 cxd4 4. Nxd4 Nf6 5. Nc3 e5 6. Ndb5 d6 7. Bg5 a6 8. Na3 b5 9. Nd5 Be7 10. Bxf6 Bxf6 11. c3 Bb7 12. Nc2 Nb8 13. Nce3 O-O 14. Be2 Nd7 15. O-O Bg5 16. Nf5 Nc5 17. Ng3 g6 18. Bf3 h5 19. Re1 h4 20. Nf1 Kg7 21. Nb4 a5 22. Nd3 Na4 23. Qe2 Ba6 24. Ne3 Nb6 25. Rad1 Qc7 26. g3 Rad8 27. Bg2 hxg3 28. hxg3 Qc8 29. f4 exf4 30. gxf4 Bh4 31. Rf1 Rde8 32. f5 Qd8 33. Qg4 Qg5 34. Rf4 Rh8 35. Nf2 Rd8 36. Nd5 Nxd5 37. Rxd5 Qe7 38. Nh3 Bf6 39. fxg6 fxg6 40. Rf1 Bc8 41. Qf3 Rdf8 42. Qd3 Be5 43. Rxf8 Rxf8 44. Nf2 Qh4 45. Qe2 Qh2+ 46. Kf1 Bg3 47. Bf3 Bxf2 48. Qxf2 Qh3+ 49. Ke2 Rxf3 50. Qd4+ Kg8 51. Rg5 Rg3 52. Qd5+ Kg7 53. Qd4+ Kh7 54. Qa7+ Kh6 55. Rxg3 Qxg3 56. Qd4 Bg4+ 57. Kd2 Qe5 58. Qg1 Bh5 59. Kd3 Qc5 60. Qc1+ g5 0-1

[Event "European Women Rapid-ch 2023"]
[Site "Monaco"]
[Date "2024.01.13"]
[Round "1.15"]
[White "Zimina, Olga"]
[Black "Jimenez Fernandez, Rebeca"]
[Result "1-0"]
[ECO "D02"]
[WhiteElo "2291"]
[BlackElo "2051"]
[Annotator "RC"]
[PlyCount "103"]
[EventDate "2023.12.19"]
[EventType "swiss"]
[EventCountry "MNC"]
[SourceTitle "playchess.com"]
[Source "ChessBase"]
[SourceQuality "1"]
[TimeControl "900+10"]

1. d4 Nf6 2. Nf3 e6 3. g3 d5 4. Bg2 Be7 5. O-O O-O 6. b3 c5 7. Bb2 b6 8. c4 Bb7 9. Nbd2 Nc6 10. cxd5 Nxd5 11. dxc5 Bxc5 12. a3 Rc8 13. e4 Nc7 14. b4 Be7 15. Qa4 Bf6 16. Bxf6 Qxf6 17. Rac1 b5 18. Qc2 e5 19. Nb3 Ne6 20. Qe2 a6 21. Bh3 Rcd8 22. Bxe6 fxe6 23. Nc5 Ba8 24. Rc3 Nd4 25. Nxd4 exd4 26. Rd3 e5 27. f3 Rc8 28. Nd7 Qc6 29. Nxf8 Kxf8 30. f4 Qxe4 31. fxe5+ Ke7 32. Qxe4 Bxe4 33. Rxd4 Bb7 34. Rfd1 Ke6 35. Rd7 Ba8 36. R1d2 Rc1+ 37. Kf2 Rh1 38. R7d6+ Kxe5 39. Rxa6 Bd5 40. Ke3 Bc4 41. Ra7 Re1+ 42. Kf2 Rh1 43. Kg2 Ra1 44. Rxg7 Rxa3 45. Rxh7 Rb3 46. Re7+ Kf6 47. Rc7 Rxb4 48. Rc5 Rb1 49. Rd6+ Ke7 50. Rh6 Rd1 51. Rc7+ Kd8 52. Ra7 1-0

[Event "European Women Rapid-ch 2023"]
[Site "Monaco"]
[Date "2024.01.13"]
[Round "1.16"]
[White "Stangl, Anita"]
[Black "Daulyte-Cornette, Deimante"]
[Result "0-1"]
[ECO "B32"]
[WhiteElo "2055"]
[BlackElo "2372"]
[Annotator "ChessBase"]
[PlyCount "52"]
[EventDate "2023.12.19"]
[EventType "swiss"]
[EventCountry "MNC"]
[SourceTitle "playchess.com"]
[Source "ChessBase"]
[SourceQuality "1"]
[TimeControl "900+10"]

1. e4 c5 2. Nf3 Nc6 3. d4 cxd4 4. Nxd4 e5 5. Nf3 Nf6 6. Nbd2 Bc5 7. Bc4 O-O 8. c3 d6 9. O-O Bg4 10. h3 Bh5 11. Be2 Bg6 12. Bd3 d5 13. Qc2 Rc8 14. exd5 Nb4 15. cxb4 Bxf2+ 16. Rxf2 Rxc2 17. Bxc2 Bxc2 18. Nc4 e4 19. Nfe5 Bd3 20. Bg5 Qxd5 21. Bxf6 gxf6 22. Ng4 Qxc4 23. Nxf6+ Kh8 24. Rf5 e3 25. Rc5 Qxb4 26. Rac1 e2 0-1

[Event "European Women Rapid-ch 2023"]
[Site "Monaco"]
[Date "2024.01.13"]
[Round "1.17"]
[White "Osmak, Yuliia"]
[Black "Pribylova, Sofie"]
[Result "1-0"]
[ECO "B51"]
[WhiteElo "2450"]
[BlackElo "1945"]
[Annotator "RC"]
[PlyCount "115"]
[EventDate "2023.12.19"]
[EventType "swiss"]
[EventCountry "MNC"]
[SourceTitle "playchess.com"]
[Source "ChessBase"]
[SourceQuality "1"]
[TimeControl "900+10"]

1. e4 c5 2. Nf3 d6 3. Bb5+ Nd7 4. a4 Ngf6 5. Nc3 e6 6. d4 cxd4 7. Qxd4 Be7 8. O-O O-O 9. Bg5 a6 10. Be2 b6 11. Nd2 Bb7 12. Nc4 Nxe4 13. Nxe4 Bxe4 14. Bxe7 Qxe7 15. Nxb6 Nxb6 16. Qxe4 d5 17. Qd4 Qc7 18. a5 Nc4 19. Qc3 Rfc8 20. Rfc1 Qb7 21. b3 Nd6 22. Qe3 Rab8 23. Bd3 g6 24. h4 h5 25. Bxg6 fxg6 26. Qxe6+ Nf7 27. Qxg6+ Kf8 28. Qxh5 Re8 29. Rd1 Rbd8 30. Ra4 Re5 31. Qg6 Rd6 32. Qg3 Rde6 33. Kh2 Qe7 34. Rf4 Rf6 35. Rdd4 Rxf4 36. Rxf4 Rh5 37. Rg4 Qe5 38. f4 Qe6 39. Rg8+ Ke7 40. Qf2 Rh8 41. Qa7+ Qd7 42. Qxd7+ Kxd7 43. Rxh8 Nxh8 44. g4 Ke6 45. h5 Nf7 46. Kg3 d4 47. Kf3 Kd5 48. g5 Ke6 49. Ke4 Nd6+ 50. Kxd4 Kf5 51. h6 Nf7 52. h7 Nh8 53. Kc5 Kxf4 54. Kb6 Kxg5 55. Kxa6 Kg6 56. Kb7 Kxh7 57. a6 Nf7 58. a7 1-0

[Event "European Women Rapid-ch 2023"]
[Site "Monaco"]
[Date "2024.01.13"]
[Round "1.18"]
[White "Bacrot, Nathalie"]
[Black "Guichard, Pauline"]
[Result "0-1"]
[ECO "A38"]
[WhiteElo "1968"]
[BlackElo "2385"]
[Annotator "RC"]
[PlyCount "54"]
[EventDate "2023.12.19"]
[EventType "swiss"]
[EventCountry "MNC"]
[SourceTitle "playchess.com"]
[Source "ChessBase"]
[SourceQuality "1"]
[TimeControl "900+10"]

1. Nf3 Nf6 2. g3 g6 3. Bg2 Bg7 4. O-O O-O 5. c4 c5 6. Nc3 d5 7. cxd5 Nxd5 8. Nxd5 Qxd5 9. d3 Nc6 10. a3 Qh5 11. Re1 Bg4 12. Rb1 Rfd8 13. Qa4 Rac8 14. b4 Nd4 15. Nxd4 cxd4 16. Rb2 b5 17. Qxa7 Rd7 18. Bb7 Rdc7 19. Bd2 h6 20. Qb6 Rc2 21. Bxc8 Rxb2 22. Bxg4 Qxg4 23. Qb8+ Kh7 24. Qf4 Qe6 25. e4 Qb3 26. Bc1 Rc2 27. Qxf7 Qxf7 0-1

[Event "European Women Rapid-ch 2023"]
[Site "Monaco"]
[Date "2024.01.13"]
[Round "1.19"]
[White "Savina, Anastasia"]
[Black "Guillo Longares, Cecilia"]
[Result "1-0"]
[ECO "A65"]
[WhiteElo "2340"]
[BlackElo "2096"]
[Annotator "ChessBase"]
[PlyCount "117"]
[EventDate "2023.12.19"]
[EventType "swiss"]
[EventCountry "MNC"]
[SourceTitle "playchess.com"]
[Source "ChessBase"]
[SourceQuality "1"]
[TimeControl "900+10"]

1. d4 Nf6 2. c4 c5 3. d5 g6 4. Nc3 d6 5. e4 Bg7 6. f3 O-O 7. Bg5 h6 8. Be3 e6 9. Qd2 Kh7 10. Nge2 exd5 11. cxd5 Nbd7 12. Ng3 Ne5 13. Be2 Rb8 14. a4 b6 15. O-O a6 16. h3 Ne8 17. Rab1 Qh4 18. Bf2 Qf6 19. f4 Nd7 20. Kh1 Nc7 21. Rbd1 Qd8 22. e5 dxe5 23. f5 Ne8 24. Bd3 Nd6 25. fxg6+ fxg6 26. Qc2 Qe8 27. Nce4 Nxe4 28. Nxe4 Qe7 29. Qe2 Nf6 30. Bh4 Bf5 31. d6 Qe8 32. Nxf6+ Bxf6 33. Bxf6 Rxf6 34. Bxf5 gxf5 35. d7 Qe7 36. Qd3 Rd8 37. Rxf5 Kg7 38. Qg3+ Rg6 39. Qxe5+ Qxe5 40. Rxe5 Kf7 41. a5 bxa5 42. Rxc5 Ke7 43. Rcd5 Re6 44. Kh2 a4 45. R1d2 Re3 46. R5d4 Re6 47. h4 Rg6 48. Kh3 Re6 49. g3 Rf6 50. h5 Re6 51. Kh4 Rf6 52. g4 Re6 53. R2d3 Rb6 54. Re3+ Kf7 55. Rd2 Rb7 56. Red3 Ke7 57. Re2+ Kf7 58. Rf3+ Kg7 59. Re7+ 1-0

[Event "European Women Rapid-ch 2023"]
[Site "Monaco"]
[Date "2024.01.13"]
[Round "1.20"]
[White "Cornileau, Juliette"]
[Black "Zhukova, Natalia"]
[Result "0-1"]
[ECO "D36"]
[WhiteElo "2007"]
[BlackElo "2301"]
[Annotator "RC"]
[PlyCount "82"]
[EventDate "2023.12.19"]
[EventType "swiss"]
[EventCountry "MNC"]
[SourceTitle "playchess.com"]
[Source "ChessBase"]
[SourceQuality "1"]
[TimeControl "900+10"]

1. d4 Nf6 2. c4 e6 3. Nc3 d5 4. cxd5 exd5 5. Bg5 c6 6. Qc2 Bd6 7. e3 O-O 8. Bd3 h6 9. Bh4 Re8 10. Nge2 a5 11. O-O Bxh2+ 12. Kh1 Bd6 13. e4 dxe4 14. Nxe4 Be7 15. Bg3 Na6 16. a3 Nxe4 17. Bxe4 Nc7 18. Nf4 Bd6 19. Kg1 Ne6 20. Nxe6 Bxe6 21. f4 Qb6 22. Bf2 Bd5 23. Bxd5 cxd5 24. Rae1 Bxf4 25. Qf5 Qd6 26. Rxe8+ Rxe8 27. Bg3 Be3+ 28. Kh2 Qe6 29. Qf3 Bxd4 30. Re1 Qd7 31. Rd1 Re4 32. b4 axb4 33. axb4 Qe6 34. Qd3 Be5 35. Bxe5 Qxe5+ 36. Kg1 Rxb4 37. Qh3 Qe6 38. Qa3 Qb6+ 39. Kh2 Rh4+ 40. Kg3 Qf6 41. Qe3 Re4 0-1